 Dungeon Crawl Stone Soup version 0.21.0-3-g78d12a8 (webtiles) character file.

3889 tkappleton the Carver (level 10, -4/89 HPs)
             Began as a Minotaur Berserker on Jan 12, 2018.
             Was a Priest of Trog.
             Killed from afar by a white imp (13 damage)
             ... with a puff of frost
             ... summoned by an obsidian statue
             ... on level 8 of the Dungeon on Jan 13, 2018.
             The game lasted 01:05:37 (7323 turns).

tkappleton the Carver (Minotaur Berserker)          Turns: 7323, Time: 01:05:38

Health: -4/89      AC:  9    Str: 24      XL:     10   Next: 0%
Magic:  9/9        EV: 10    Int:  4      God:    Trog [***...]
Gold:   442        SH:  0    Dex: 10 (11) Spells: 9/9 levels left

rFire    + . .     SeeInvis .   a - +0 falchion
rCold    x . .     Gourm    .   (no shield)
rNeg     . . .     Faith    .   r - +0 scale mail (curse)
rPois    .         Spirit   .   (helmet restricted)
rElec    .         Reflect  .   (no cloak)
rCorr    .         Harm     .   v - +0 pair of gloves
MR       .....                  (no boots)
Stlth    ..........             (no amulet)
HPRegen  0.24/turn              n - ring of flight
MPRegen  0.11/turn              z - ring of fire

@: very slightly contaminated, drained
A: retaliatory headbutt, horns 2
a: Berserk, Trog's Hand, Burn Spellbooks, Renounce Religion, Evoke Flight


You were on level 8 of the Dungeon.
You worshipped Trog.
Trog was most pleased with you.
You were hungry.

You visited 2 branches of the dungeon, and saw 9 of its levels.

You collected 442 gold pieces.

Inventory:

Hand Weapons
 a - a +0 falchion (weapon)
 b - the +7 hand crossbow of Fusm {venom, rC+ Str+5 Dex-4}
   (You found it on level 6 of the Dungeon)

   It poisons the ammo it fires.
   It affects your strength (+5).
   It affects your dexterity (-4).
   It protects you from cold.
 w - a +3 scimitar
 A - a +0 arbalest of freezing
Missiles
 d - 90 stones
 p - 3 tomahawks (quivered)
Armour
 l - a +1 scale mail of magic resistance
 r - a cursed +0 scale mail (worn)
 s - a +0 plate armour
 v - a +0 pair of gloves (worn)
 D - a +2 buckler
Jewellery
 n - a ring of flight (left hand)
 z - a ring of fire (right hand)
Wands
 y - a wand of iceblast (4)
Scrolls
 e - 5 scrolls of remove curse {unknown}
 f - 3 scrolls of enchant weapon {unknown}
 g - 2 scrolls of fog {unknown}
 i - 10 scrolls of identify {unknown}
 j - 3 scrolls of amnesia {unknown}
 m - 3 scrolls of teleportation {unknown}
 o - a scroll of immolation {unknown}
 u - 3 scrolls of fear {unknown}
 x - a scroll of noise {unknown}
Potions
 h - a potion of cancellation {unknown}
 k - a potion of lignification
 q - a potion of agility {unknown}
 B - a potion of brilliance {unknown}
 E - a potion of curing {unknown}
Comestibles
 c - 7 rations
 F - 6 chunks of flesh


   Skills:
 + Level 8.3(7.6) Fighting
 - Level 10.0(9.3) Long Blades
 + Level 8.0(7.3) Crossbows
 + Level 7.8(7.1) Armour
 - Level 2.1(1.5) Dodging
 - Level 4.1(3.4) Shields


You had 9 spell levels left.
You didn't know any spells.

Dungeon Overview and Level Annotations

Branches:
Dungeon (8/15)             Temple (1/1) D:5
   Lair: D:8-11

Altars:
Ashenzari
Cheibriados
Dithmenos
Elyvilon
Fedhas
Gozag
Hepliaklqana
Kikubaaqudgha
Makhleb
Nemelex Xobeh
Qazlal
Ru
Sif Muna
Trog
Uskayaw
Vehumet
Wu Jian
Xom
Yredelemnul
Zin
The Shining One

Annotations:
D:8 exclusion: obsidian statue


Innate Abilities, Weirdness & Mutations

You reflexively headbutt those who attack you in melee.
You have a pair of horns on your head.


Message History

The soul eater is healed.
The soul eater disappears in a puff of smoke!
Okay, then.
You start resting.
Eating one of 8 chunks of flesh.
You eat one of the 8 chunks of flesh.
This raw flesh tastes terrible.
You are feeling hungry.
Throwing (i - inventory. (,) - cycle):
p - 5 tomahawks (quivered)
Press: ? - help, Shift-Dir - straight line, f - white imp
Aim: a white imp (summoned)
You throw a tomahawk.
The tomahawk completely misses the white imp.
Some of the chunks of flesh in your inventory have rotted away.
Throwing (i - inventory. (,) - cycle):
p - 4 tomahawks (quivered)
Press: ? - help, Shift-Dir - straight line, f/p - white imp
Aim: a white imp (summoned)
You throw a tomahawk. The tomahawk hits the white imp.
The white imp is severely wounded.
The white imp gestures at you. The puff of frost hits you!
You feel a terrible chill!
You die...

######### .# #..[....#
.+ +.......# .#
##.....## .######......#
.##..##......####
............##..##
.....##....<##..@#
.....##.....##..#####
.######.....#...##..###
.##..##.....#.........#
.....+......##..##....#
<....#......##.5##...##
.##..##.....#..5##...###
.##..##.....#....'.....#
.#....#.....######35...#
.


You could see a white imp and an ufetubus.

Vanquished Creatures
  A two-headed ogre (D:7)
  Sigmund (D:6)
  Menkaure (D:5)
  4 sky beasts
  An orc warrior (D:6)
  2 ice beasts
  3 phantoms
  2 ogres
  A crocodile (D:7)
  2 big kobolds (D:7)
  5 bullfrogs
  3 scorpions
  A water moccasin skeleton (D:6)
  A howler monkey (D:4)
  4 crimson imps
  A jelly (D:7)
  A quasit (D:5)
  A bullfrog zombie (D:7)
  A bullfrog skeleton (D:8)
  A centaur skeleton (D:5)
  4 orc priests
  An iguana (D:5)
  8 orc wizards
  7 worker ants
  A hound skeleton (D:5)
  A mummy (D:6)
  10 adders
  2 shadow imps
  An adder zombie (D:6)
  An adder skeleton (D:4)
  5 worms
  A dart slug (D:1)
  11 leopard geckos
  27 orcs
  2 giant cockroaches (D:2)
  6 hobgoblins
  13 jackals
  19 kobolds
  3 quokkas
  A ball python (D:3)
  10 bats
  4 frilled lizards
  6 goblins
  2 hobgoblin zombies (D:6)
  A jackal skeleton (D:4)
  2 kobold zombies (D:6)
  10 rats
196 creatures vanquished.

Notes
Turn   | Place    | Note
-------+----------+-------------------------------------------
     0 | D:1      | tkappleton the Minotaur Berserker began the quest for the Orb.
     0 | D:1      | Reached XP level 1. HP: 19/19 MP: 0/0
    45 | D:1      | Reached skill level 4 in Long Blades
   229 | D:1      | Reached XP level 2. HP: 26/26 MP: 1/1
   489 | D:1      | Reached ** piety under Trog
   934 | D:2      | Reached skill level 5 in Long Blades
   938 | D:2      | Reached XP level 3. HP: 21/31 MP: 2/2
  1144 | D:2      | Found a white marble altar of Elyvilon.
  1469 | D:2      | Found a bloodstained altar of Trog.
  1479 | D:2      | Found a shadowy altar of Dithmenos.
  1528 | D:2      | Reached XP level 4. HP: 35/39 MP: 3/3
  1544 | D:2      | Reached skill level 6 in Long Blades
  1978 | D:2      | Found a hide-covered altar of Uskayaw.
  2222 | D:3      | Reached XP level 5. HP: 45/45 MP: 4/4
  2226 | D:3      | Reached skill level 7 in Long Blades
  2244 | D:3      | Reached *** piety under Trog
  2563 | D:3      | Reached skill level 1 in Shields
  3076 | D:4      | Reached XP level 6. HP: 51/51 MP: 5/5
  3103 | D:4      | Reached skill level 8 in Long Blades
  3373 | D:4      | Reached XP level 7. HP: 36/57 MP: 6/6
  3818 | D:5      | Entered Level 5 of the Dungeon
  3835 | D:5      | Reached skill level 9 in Long Blades
  3870 | D:5      | Reached skill level 1 in Crossbows
  3935 | D:5      | Noticed Menkaure
  4342 | D:5      | Killed Menkaure
  4534 | D:5      | Reached XP level 8. HP: 61/64 MP: 7/7
  4545 | D:5      | Found a staircase to the Ecumenical Temple.
  4637 | Temple   | Entered the Ecumenical Temple
  4736 | D:6      | Reached skill level 10 in Long Blades
  4742 | D:6      | Reached **** piety under Trog
  4985 | D:6      | Found a sparkling altar of Nemelex Xobeh.
  5246 | D:6      | Reached skill level 5 in Crossbows
  5355 | D:6      | Reached skill level 5 in Fighting
  5428 | D:6      | Noticed Sigmund
  5447 | D:6      | Killed Sigmund
  5477 | D:6      | Got a bone hand crossbow
  5478 | D:6      | Identified the +7 hand crossbow of Fusm {venom, rC+ Str+5 Dex-4} (You found it on level 6 of the Dungeon)
  5531 | D:6      | Reached skill level 5 in Armour
  5684 | D:6      | Found a glowing silver altar of Zin.
  5726 | D:6      | Found an ancient bone altar of Kikubaaqudgha.
  5727 | D:6      | Found a snail-covered altar of Cheibriados.
  5912 | D:6      | Reached XP level 9. HP: 52/75 MP: 8/8
  6162 | D:7      | Found a white marble altar of Elyvilon.
  7048 | D:8      | Noticed a two-headed ogre
  7057 | D:7      | Killed a two-headed ogre
  7228 | D:8      | Reached XP level 10. HP: 89/89 MP: 9/9
  7245 | D:8      | Noticed an obsidian statue
  7247 | D:8      | Noticed an orange demon
  7247 | D:8      | Noticed a soul eater
  7283 | D:8      | Noticed a smoke demon
  7290 | D:8      | Noticed a soul eater
  7323 | D:8      | Killed from afar by a white imp

Skill      XL: |  1  2  3  4  5  6  7  8  9 |
---------------+----------------------------+-----
Long Blades    | 4 5 6 7 8 9 10 | 10.0
Shields        | 1 3 4 |  4.1
Crossbows      | 3 6 8 |  8.0
Fighting       | 5 8 |  8.3
Armour         | 5 7 |  7.8
Dodging        | |  2.1

Action                   |  1- 3 |  4- 6 |  7- 9 | 10-12 || total
-------------------------+-------+-------+-------+-------++-------
Melee: Falchion          |    65 |   141 |   254 |    18 ||   478
       Headbutt          |     8 |    25 |    53 |       ||    86
 Fire: Arbalest          |       |    19 |    53 |       ||    72
       Hand crossbow     |       |       |    48 |     4 ||    52
Throw: Stone             |    88 |    92 |     4 |       ||   184
       Tomahawk          |       |     2 |    17 |     9 ||    28
Invok: Trog's Hand       |       |     2 |     7 |     2 ||    11
       Burn Spellbooks   |       |       |     2 |       ||     2
       Berserk           |       |       |     1 |       ||     1
       Brothers in Arms  |       |       |       |     2 ||     2
  Use: Potion            |       |       |       |     3 ||     3
 Stab: Invisible         |       |       |       |     1 ||     1
  Eat: Chunk             |     2 |     7 |    12 |     1 ||    22
       Ration            |       |       |     1 |       ||     1
Armor: Animal skin       |     6 |       |       |       ||     6
       Ring mail         |    20 |    26 |       |       ||    46
       Scale mail        |       |    29 |    92 |     2 ||   123
       Skin              |       |       |       |    75 ||    75
Dodge: Dodged            |    47 |    51 |   110 |     9 ||   217
       Rpst.: Falchion   |    10 |    12 |    24 |     1 ||    47
